 Dungeon Crawl Stone Soup version 0.18.1-50-g88ac8fd (webtiles) character file.

99 magog001 the Shield-Bearer (level 4, -1/29 HPs)
             Began as a Gargoyle Fighter on Oct 3, 2018.
             Slain by Sigmund
             ... wielding a +0 scythe
              (6 damage)
             ... on level 3 of the Dungeon.
             The game lasted 00:13:51 (2456 turns).

magog001 the Shield-Bearer (Gargoyle Fighter)       Turns: 2456, Time: 00:13:52

Health: -1/29      AC: 14    Str: 20    XL:     4   Next: 72%
Magic:  4/4        EV:  5    Int:  9    God:
Gold:   104        SH:  9    Dex:  9    Spells: 0 memorised, 3 levels left

rFire  . . .     SeeInvis .     a - +1 flail
rCold  . . .     Gourm    .     v - +0 chain mail
rNeg   + . .     Faith    .     c - +0 shield
rPois  ∞         Spirit   .     (no helmet)
rElec  +         Dismiss  .     e - +0 cloak
rCorr  .         Reflect  .     (no gloves)
SustAt .         Harm     .     (no boots)
MR     .....                    (no amulet)
Stlth  ..........               (no ring)
                                p - ring of flight

@: flying, not resistant to hostile enchantments, extremely unstealthy
A: negative energy resistance 1, electricity resistance, unbreathing,
petrification resistance, rot immunity, AC +3
a: no special abilities


You were on level 3 of the Dungeon.
You were not hungry.

You visited 1 branch of the dungeon, and saw 3 of its levels.

You collected 104 gold pieces.

Inventory:

Hand Weapons
 a - a +1 flail (weapon)
 l - a +0 hunting sling
Missiles
 k - 56 sling bullets
Armour
 c - a +0 shield (worn)
 e - a +0 cloak (worn)
 v - a +0 chain mail (worn)
Jewellery
 p - a ring of flight (left hand)
Scrolls
 j - 2 scrolls of identify
 m - a scroll of teleportation {unknown}
 n - 2 scrolls of recharging {unknown}
 u - a scroll of blinking {unknown}
Potions
 g - a potion of flight
 q - a potion of curing {unknown}
 s - a potion of mutation {unknown}
 t - 2 potions of cure mutation
Comestibles
 f - 2 bread rations
 h - a beef jerky


   Skills:
 * Level 3.7 Fighting
 * Level 2.6 Maces & Flails
 * Level 4.2 Armour
 * Level 4.4 Shields


You had 3 spell levels left.
You didn't know any spells.

Dungeon Overview and Level Annotations

Branches:
Dungeon (3/15)

Altars:
Okawaru
Zin

Annotations:
D:3 Sigmund


Innate Abilities, Weirdness & Mutations

You are resistant to torment.
Your stone body is resilient (AC +3).
You are immune to poison.
You resist negative energy.
You are resistant to electric shocks.
You can survive without breathing.
You are immune to petrification.
You are immune to rotting.


Message History

You're too confused to move!
Something hits you.
You feel less confused. Something hits you but does no damage.
You hit something but do no damage. Something hits you but does no damage.
Your shield and chain mail prevent you from hitting something.
Something hits you.
* * * LOW HITPOINT WARNING * * *
Your shield and chain mail prevent you from hitting something.
Something hits you but does no damage.
Read which item? (? for menu, Esc to quit)
As you read the scroll labeled ZIUBBO WELIBALE, it crumbles to dust.
It is a scroll of identify.
Identify which item? (\ to view known items) (? for menu, Esc to quit)
t - 2 potions of cure mutation Read which item? (? for menu, Esc to quit)
As you read the scroll labeled DUC TIODEINA, it crumbles to dust.
It is a scroll of enchant weapon.
Enchant which weapon? (? for menu, Esc to quit)
Your +0 flail glows red for a moment.
Something hits you.
You die...

#.#...# ## #.###.# .# #.#
#.######.# #.# #........#
#########.# #........#
..........####.#.##.#####
########................#
#....[.#.########.#.###.#
#.####.#.#......@.#.#
(......#.#.########.#
#.######.# #.# #........#
..# ################ ###
#...........#
#.#########.# ####.#
#<#.# ...#.# #.#.#


There were no monsters in sight!

Vanquished Creatures
  Jessica (D:3)
  3 adders (D:2)
  An ooze (D:1)
  An adder skeleton (D:3)
  An orc (D:2)
  2 ball pythons (D:1)
  7 bats
  5 giant cockroaches
  2 goblins
  2 hobgoblins
  A giant newt (D:1)
  10 kobolds
  6 rats
42 creatures vanquished.

Notes
Turn   | Place    | Note
--------------------------------------------------------------
     0 | D:1      | magog001 the Gargoyle Fighter began the quest for the Orb.
     0 | D:1      | Reached XP level 1. HP: 14/14 MP: 1/1
    72 | D:1      | Reached XP level 2. HP: 19/19 MP: 2/2
   762 | D:1      | Reached XP level 3. HP: 23/23 MP: 3/3
  1243 | D:2      | Found an iron altar of Okawaru.
  1400 | D:2      | Reached XP level 4. HP: 17/28 MP: 4/4
  1764 | D:3      | Found a glowing silver altar of Zin.
  1777 | D:3      | Noticed Jessica
  1787 | D:3      | Killed Jessica
  2435 | D:3      | Noticed Sigmund
  2456 | D:3      | Slain by Sigmund

Skill      XL: |  1  2  3 |
---------------+----------+-----
Armour         | 4 |  4.2
Shields        | 4 |  4.4
Fighting       | |  3.7
Maces & Flails | |  2.6

Action                   |  1- 3 |  4- 6 || total
-------------------------+-------+-------++-------
Melee: Flail             |   162 |    39 ||   201
 Abil: Evoke Flight      |     1 |       ||     1
  Use: Scroll            |       |     2 ||     2
       Potion            |       |     2 ||     2
  Eat: Chunk             |     2 |     2 ||     4
       Pizza             |       |     1 ||     1
Armor: Scale mail        |   117 |     4 ||   121
       Chain mail        |       |    22 ||    22
Dodge: Dodged            |    75 |     7 ||    82
Block: Shield            |   136 |    13 ||   149
